 Dungeon Crawl Stone Soup version 0.24.0-13-gcf9b319 (webtiles) character file.

Game seed: 10060996398906247442, levelgen mode: deterministic

2440 Fang the Shield-Bearer (level 9, -1/57 HPs)
             Began as a Gargoyle Fighter on Dec 13, 2019.
             Was a Believer of Trog.
             Slain by a killer bee (6 damage)
             ... on level 8 of the Dungeon.
             The game lasted 00:05:56 (5996 turns).

Fang the Shield-Bearer (Gargoyle Fighter)           Turns: 5996, Time: 00:05:56

Health: -1/57      AC: 14    Str: 23    XL:     9   Next: 49%
Magic:  9/9        EV:  6    Int:  9    God:    Trog [**....]
Gold:   359        SH: 16    Dex:  9    Spells: 8/8 levels left

rFire    . . .     SeeInvis .   a - +0 war axe
rCold    . . .     Gourm    .   B - +0 large shield (curse)
rNeg     + . .     Faith    .   b - +0 scale mail
rPois    ∞         Spirit   .   (no helmet)
rElec    +         Reflect  .   (no cloak)
rCorr    .         Harm     .   (no gloves)
MR       ++...                  (no boots)
Stlth    ..........             (no amulet)
HPRegen  1.19/turn              (no ring)
MPRegen  0.11/turn              (no ring)

@: berserk cooldown, regenerating, slowed, very slow
A: negative energy resistance 1, electricity resistance, unbreathing,
petrification resistance, rot immunity, AC +6
a: Berserk, Trog's Hand, Renounce Religion


You were on level 8 of the Dungeon.
You worshipped Trog.
Trog was pleased with you.
You were near starving.

You visited 2 branches of the dungeon, and saw 9 of its levels.

You collected 414 gold pieces.
You spent 55 gold pieces at shops.

Inventory:

Hand Weapons
 a - a +0 war axe (weapon)
Armour
 b - a +0 scale mail (worn)
 B - a cursed +0 large shield (worn)
Wands
 t - a wand of polymorph (4)
 w - a wand of iceblast (12)
 y - a wand of digging (5)
 z - a wand of disintegration (17)
Scrolls
 e - 3 scrolls of immolation {unknown}
 h - 4 scrolls of fear {unknown}
 k - a scroll of remove curse {unknown}
 l - 2 scrolls of blinking {unknown}
 m - 10 scrolls of identify {unknown}
 o - 2 scrolls of random uselessness {unknown}
 p - 6 scrolls of teleportation {unknown}
 q - a scroll of amnesia {unknown}
 v - 5 scrolls of enchant weapon {unknown}
 A - 2 scrolls of fog {unknown}
 D - a scroll of enchant armour {unknown}
Potions
 d - a potion of might
 f - 5 potions of agility {unknown}
 g - a potion of ambrosia {unknown}
 i - 2 potions of haste {unknown}
 j - 3 potions of heal wounds
 n - a potion of invisibility {unknown}
 r - 2 potions of lignification {unknown}
 s - a potion of flight {unknown}
 u - a potion of brilliance {unknown}
 x - a potion of degeneration {unknown}
Comestibles
 c - 14 rations
 C - 3 chunks of flesh


   Skills:
 + Level 7.6 Fighting
 + Level 6.0 Axes
 + Level 7.6 Armour
 + Level 7.6 Shields


You had 8 spell levels left.
You didn't know any spells.
Your spell library was empty.

Dungeon Overview and Level Annotations

Branches:
Dungeon (8/15)             Temple (1/1) D:7
   Lair: D:8-11

Altars:
Ashenzari
Cheibriados
Elyvilon
Fedhas
Qazlal
Ru
Sif Muna
Trog
Vehumet
Yredelemnul

Shops:
D:5 *

Annotations:
D:3 1 runed translucent door


Innate Abilities, Weirdness & Mutations

You are resistant to torment.
Your stone body is resilient. (AC +6)
You are immune to poison.
You resist negative energy. (rN+)
You are resistant to electric shocks. (rElec)
You can survive without breathing.
You are immune to petrification.
You are immune to rotting.


Message History

You block the killer bee's attack. x2
You block the killer bee's attack. x2
You block the killer bee's attack.
Some of the chunks of flesh in your inventory have rotted away.
You hit the killer bee.
The killer bee is lightly wounded.
You miss the killer bee. You block the killer bee's attack.
The killer bee stings you but does no damage.
You block the killer bee's attack. x2
The killer bee stings you but does no damage.
The killer bee stings you.
* * * LOW HITPOINT WARNING * * *
The killer bee stings you.
* * * LOW HITPOINT WARNING * * *
The killer bee stings you but does no damage.
You miss the killer bee. You hit the killer bee.
You block the killer bee's attack. x2
The killer bee stings you but does no damage. x2
The killer bee stings you.
You die...

##.########### ##
#............# #
...
#..#########.#####
##..## #..#
#.......... ......#
#..# #.###.#####
##...$.#####..# #.#
# #.#...........#
#.# ##......####y÷#
#.# #...$.....sy@.#
#.#
.#.#(#.####........
..# #...(##
##....... ###
#.#.## #....... ...
........ .....
#....... .?.....
#....... ##.....
###..[. .......


You could see a scorpion and 2 killer bees.

Vanquished Creatures
  The ghost of jondo1214 the Grave Robber, an amateur DsNe (D:3)
  An ice beast (D:5)
  2 sky beasts
  A hornet zombie (D:7)
  2 eyes of draining (D:3)
  2 phantoms (D:5)
  An ogre (D:8)
  3 big kobolds
  4 bullfrogs
  A water moccasin zombie (D:5)
  4 killer bees (D:8)
  3 crimson imps
  An orc priest (D:6)
  4 hounds
  A jelly (D:7)
  2 orc wizards (D:6)
  An iguana (D:6)
  6 worker ants
  2 hound zombies
  3 hound skeletons
  A worker ant zombie (D:6)
  A gnoll (D:3)
  A howler monkey skeleton (D:5)
  A howler monkey zombie (D:5)
  9 adders
  A river rat (D:3)
  2 shadow imps
  2 worms (D:3)
  2 dart slugs (D:4)
  3 leopard geckos
  13 orcs
  A ball python (D:4)
  6 bats
  8 giant cockroaches
  10 goblins
  6 hobgoblins
  4 jackals (D:1)
  3 quokkas
  3 frilled lizards
  A jackal skeleton (D:7)
  11 kobolds
  A leopard gecko skeleton (D:4)
  A leopard gecko zombie (D:6)
  3 rats
139 creatures vanquished.

Notes
Turn   | Place    | Note
-------+----------+-------------------------------------------
     0 | D:1      | Fang the Gargoyle Fighter began the quest for the Orb.
     0 | D:1      | Reached XP level 1. HP: 14/14 MP: 1/1
    89 | D:1      | Reached XP level 2. HP: 19/19 MP: 2/2
   372 | D:1      | Reached XP level 3. HP: 23/23 MP: 3/3
   894 | D:2      | Reached XP level 4. HP: 23/29 MP: 4/4
  1554 | D:3      | Found a snail-covered altar of Cheibriados.
  1554 | D:3      | Found a sacrificial altar of Ru.
  1574 | D:3      | Found a bloodstained altar of Trog.
  1574 | D:3      | Noticed an eye of draining
  1574 | D:3      | Noticed an eye of draining
  1590 | D:3      | Killed an eye of draining
  1590 | D:3      | Reached XP level 5. HP: 34/34 MP: 0/5
  1591 | D:3      | Killed an eye of draining
  1591 | D:3      | Reached XP level 6. HP: 39/39 MP: 0/6
  1597 | D:3      | Became a worshipper of Trog the Wrathful
  1762 | D:3      | Found a runed translucent door.
  1776 | D:3      | Found a runed translucent door.
  1779 | D:3      | Noticed jondo1214's ghost (amateur DsNe)
  1846 | D:3      | Found a blossoming altar of Fedhas.
  1851 | D:3      | Found a stormy altar of Qazlal.
  2178 | D:4      | Found a basalt altar of Yredelemnul.
  2182 | D:4      | Found a radiant altar of Vehumet.
  2192 | D:4      | Found a shattered altar of Ashenzari.
  2192 | D:4      | Found a white marble altar of Elyvilon.
  2271 | D:4      | Reached skill level 5 in Armour
  2330 | D:4      | Found a blossoming altar of Fedhas.
  2516 | D:5      | Entered Level 5 of the Dungeon
  2567 | D:5      | Noticed an ice beast
  2573 | D:5      | Reached skill level 5 in Fighting
  2573 | D:5      | Reached skill level 5 in Shields
  2588 | D:5      | Killed an ice beast
  2588 | D:5      | Reached XP level 7. HP: 8/44 MP: 7/7
  2949 | D:5      | Found Pasut's General Store.
  3038 | D:5      | Bought a potion of heal wounds for 55 gold pieces
  3163 | D:5      | Reached * piety under Trog
  3469 | D:5      | Reached XP level 8. HP: 48/51 MP: 8/8
  3741 | D:3      | Killed jondo1214's ghost
  4026 | D:6      | Found a shimmering blue altar of Sif Muna.
  4110 | D:6      | Reached skill level 5 in Axes
  4447 | D:7      | Reached ** piety under Trog
  4664 | D:7      | Reached XP level 9. HP: 56/56 MP: 9/9
  4726 | D:7      | Found a staircase to the Ecumenical Temple.
  4748 | Temple   | Entered the Ecumenical Temple
  5983 | D:8      | HP: 4/85 [killer bee (3)]
  5987 | D:8      | HP: 1/85 [killer bee (3)]
  5996 | D:8      | Slain by a killer bee

Levels and vault maps discovered:
D:1:      dpeg_arrival_prison, layout_loops_ring
D:2:      layout_basic
D:3:      layout_basic, grunt_temple_overflow_forces_of_nature,
          gammafunk_temple_overflow_elements, first_ration,
          ebering_ghost_sewer_f, serial_glass, glass_columns_b, glass_columns_c,
          glass_columns_b, glass_columns_a, trog_eyes_of_draining
D:4:      layout_rooms, grunt_temple_overflow_open,
          hangedman_decor_clover_reticule, fedhas_ov_isle_minmay
D:5:      layout_basic, serial_shops, nicolae_shop_waterfront
D:6:      layout_cave_pools, lemuel_crystal_altar
D:7:      layout_layer_cave, minmay_temple_entry_tees
D:8:      layout_loops_ring, uniq_psyche
Temple:   nicolae_temple_figure_eight

Skill      XL: |  1  2  3  4  5  6  7  8  9 |
---------------+----------------------------+-----
Axes           | 2 3 4 5 6 |  6.0
Armour         | 4 5 6 7 |  7.6
Fighting       | 4 5 6 7 |  7.6
Shields        | 4 5 6 7 |  7.6

Action                   |  1- 3 |  4- 6 |  7- 9 || total
-------------------------+-------+-------+-------++-------
Melee: War axe           |   102 |   146 |   473 ||   721
Invok: Berserk           |       |       |     2 ||     2
       Trog's Hand       |       |       |     2 ||     2
  Eat: Chunk             |       |     6 |    10 ||    16
       Ration            |       |       |     1 ||     1
Armor: Scale mail        |    59 |    77 |   237 ||   373
Dodge: Dodged            |    30 |    19 |    85 ||   134
Block: Shield            |    54 |       |       ||    54
       Large shield      |    11 |   136 |   434 ||   581
